 Dungeon Crawl Stone Soup version 0.29.0-11-gd7f09526c8 (webtiles) character file.

Game seed: 15452729721053146793

80 brainsironically the Cudgeller (level 4, 0/45 HPs)
             Began as an Ogre Gladiator on Sept 4, 2022.
             Slain by an orc wizard
             ... wielding a +0 dagger
              (4 damage)
             ... on level 3 of the Dungeon.
             The game lasted 00:26:42 (1816 turns).

brainsironically the Cudgeller (Ogre Gladiator)     Turns: 1816, Time: 00:26:43

Health: 0/45       AC:  4    Str: 20    XL:     4   Next: 39%
Magic:  4/4        EV: 10    Int:  9    God:
Gold:   829        SH:  0    Dex: 10    Spells: 3/3 levels left

rFire   . . .      SeeInvis .   a - +0 flail
rCold   . . .      Faith    .   (no shield)
rNeg    . . .      Spirit   .   b - +1 robe
rPois   .          Reflect  .   c - +0 hat
rElec   .          Harm     .   (no cloak)
rCorr   .          Rampage  .   (gloves unavailable)
Will    .....                   (boots unavailable)
Stlth   +.........              (no amulet)
HPRegen 0.15/turn               (no ring)
MPRegen 0.09/turn               (no ring)

@: no status effects
A: large, unfitting armour, tough skin 1
a: no special abilities


You were on level 3 of the Dungeon.
You visited 1 branch of the dungeon, and saw 3 of its levels.

You collected 829 gold pieces.

Inventory:

Hand Weapons
 a - a +0 flail (weapon)
 k - a +0 club
 q - a +0 mace of protection
 r - a +0 club
Missiles
 d - 3 throwing nets (quivered)
 h - a large rock
Armour
 b - a +1 robe (worn)
 c - a +0 hat (worn)
 e - an orb of light
 t - a +0 helmet
Jewellery
 j - an amulet of the acrobat
 s - a ring of fire
Wands
 n - a wand of acid (14)
Scrolls
 f - a scroll of teleportation
 g - 3 scrolls of identify
 i - 4 scrolls of fear
 p - a scroll of magic mapping {unknown}
Potions
 l - a potion of berserk rage {unknown}
 m - 3 potions of curing {unknown}
 o - a potion of heal wounds {unknown}


   Skills:
 + Level 3.4 Fighting
 + Level 3.4 Maces & Flails
 + Level 2.3 Throwing
 + Level 3.3 Dodging
 + Level 0.6 Stealth


You had 3 spell levels left.
You didn't know any spells.
Your spell library contained the following spells:

 Spells                   Type           Power      Damage    Failure   Level
 Freeze                   Ice            0%         1d3       38%         1
 Frozen Ramparts          Ice            0%         1d1       77%         3
 Hailstorm                Conj/Ice       0%         3d3       99%         4
 Petrify                  Tmut/Erth      0%         N/A       99%         4
 Iskenderun's Battlesphe  Conj           0%         2d6       100%        5
 Metabolic Englaciation   Hex/Ice        0%         N/A       100%        5
 Iron Shot                Conj/Erth      0%         9d1       100%        6
 Statue Form              Tmut/Erth      0%         N/A       100%        6
 Spellforged Servitor     Conj/Summ      0%         N/A       100%        7


Dungeon Overview and Level Annotations

Branches:
Dungeon (3/15)

Altars:


Innate Abilities, Weirdness & Mutations

You are too large for most types of armour.
You have tough skin. (AC +1)


Message History

The orc is heavily wounded.
The orc hits you with a +0 club.
The orc wizard gestures at you while chanting.
The puff of flame hits you. The orc closely misses you.
The orc wizard casts a spell at you. The puff of flame hits you.
You closely miss the orc.
The orc is heavily wounded.
The orc wizard hits you but does no damage.
The orc hits you but does no damage.
You hit the orc.
The orc is almost dead.
The orc misses you.
The orc wizard hits you with a +0 dagger.
You hit the orc but do no damage.
The orc is almost dead.
The orc wizard hits you with a +0 dagger.
The orc hits you with a +0 club.
You sock the orc!
You kill the orc!
The orc wizard hits you with a +0 dagger.
The orc wizard barely misses you. The orc wizard barely misses you.
Items here: ))) [ †.
The orc wizard attacks as you move away!
The orc wizard barely misses you.
You closely miss the orc wizard. The orc wizard barely misses you.
You closely miss the orc wizard. The orc wizard barely misses you.
You hit the orc wizard but do no damage.
The orc wizard gestures at you while chanting.
The magic dart hits you.
You barely miss the orc wizard.
The orc wizard hits you with a +0 dagger.
* * * LOW HITPOINT WARNING * * *
You closely miss the orc wizard. The orc wizard casts a spell at you.
The magic dart hits you!
* * * LOW HITPOINT WARNING * * *
The orc wizard hits you with a +0 dagger.
You die...

## .# #. .. #. .# #.#.
#... # #..# .#
#..###.# #####.#
#.@....# #...#.#
##o##### #._...#
####.).#########.....#
+.....................
####...##########....#
##.## #.#.## #.. #.###
#.# ##.## ..# #...#


You could see an orc wizard.

Vanquished Creatures
  3 adders (D:2)
  A worm (D:2)
  4 orcs (D:3)
  2 ball pythons (D:1)
  5 bats
  2 endoplasms (D:1)
  A giant cockroach (D:1)
  4 goblins (D:2)
  4 hobgoblins
  3 quokkas (D:1)
  6 frilled lizards
  5 kobolds
  6 rats
46 creatures vanquished.

Notes
Turn   | Place    | Note
-------+----------+-------------------------------------------
     0 | D:1      | brainsironically the Ogre Gladiator began the quest for the
                  | Orb.
     0 | D:1      | Reached XP level 1. HP: 22/22 MP: 1/1
   107 | D:1      | Reached XP level 2. HP: 28/29 MP: 2/2
   761 | D:1      | Reached XP level 3. HP: 36/36 MP: 3/3
  1236 | D:2      | Identified a scroll of acquirement
  1236 | D:2      | Acquired 660 gold pieces
  1385 | D:2      | Reached XP level 4. HP: 38/45 MP: 4/4
  1772 | D:3      | Found a faded altar of an unknown god.
  1816 | D:3      | Slain by an orc wizard

Illustrated notes

Levels and vault maps discovered:
D:1:      grunt_arrival_lava_bath, layout_basic, ebering_dispersal_statue_hall
D:2:      layout_basic, minmay_misc_feat_alley, dk_noncrumbling_2,
          nrook_campfire
D:3:      layout_loops_corners, basic_ecumenical_altar

Skill      XL: |  1  2  3 |
---------------+----------+-----
Dodging        | 3 |  3.3
Maces & Flails | 3 |  3.4
Fighting       | 3 |  3.4
Throwing       | |  2.3
Stealth        | |  0.6

Action                   |  1- 3 |  4- 6 || total
-------------------------+-------+-------++-------
Melee: Flail             |   105 |    30 ||   135
Throw: Throwing net      |    11 |       ||    11
       Large rock        |     1 |       ||     1
  Use: Scroll            |     7 |       ||     7
 Stab: Sleeping          |     1 |     1 ||     2
Armor: Robe              |    31 |     6 ||    37
Dodge: Dodged            |    78 |    21 ||    99
